 Dungeon Crawl Stone Soup version 0.29-a0-234-g0dae59b3db (webtiles) character file.

Game seed: 14817420191763489030

34261 enile the Geomancer (level 13, -3/68 HPs)
             Began as a Gargoyle Earth Elementalist on Mar 3, 2022.
             Was a High Priest of Wu Jian.
             Killed from afar by a salamander mystic (23 damage)
             ... with a bolt of magma
             ... in a volcano on Mar 4, 2022.
             The game lasted 00:50:18 (21121 turns).

enile the Geomancer (Gargoyle Earth Elementalist)  Turns: 21121, Time: 00:50:18

Health: -3/68      AC: 27    Str: 11    XL:     13   Next: 76%
Magic:  23/23      EV: 10    Int: 32    God:    Wu Jian [*****.]
Gold:   574        SH:  0    Dex: 10    Spells: 15/26 levels left

rFire   . . .      SeeInvis .   Y - +8 whip "Snakebite" {venom, curare, rPois}
rCold   . . .      Faith    .   (no shield)
rNeg    + . .      Spirit   .   y - +4 chain mail of Yfauptu {Int+4}
rPois   ∞          Reflect  .   (no helmet)
rElec   +          Harm     .   (no cloak)
rCorr   +          Rampage  +   (no gloves)
Will    .....                   (no boots)
Stlth   ..........              h - amulet "Pigh" {Rampage Regen+ rCorr}
HPRegen 1.01/turn               S - +6 ring of intelligence
MPRegen 0.18/turn               F - +4 ring of protection

@: in a heavenly storm, glowing
A: sickness immunity, AC +9, negative energy resistance 1, electricity
resistance, torment resistance 1, petrification resistance, frail 2
a: Renounce Religion, Wall Jump, Serpent's Lash, Heavenly Storm


You were in a volcano.
You worshipped Wu Jian.
Wu Jian was extremely pleased with you.
You visited 2 branches of the dungeon, and saw 17 of its levels.
You also visited: Volcano.

You collected 849 gold pieces.
You spent 275 gold pieces at shops.

Inventory:

Hand Weapons
 l - a +3 whip of venom
 m - a +1 dire flail of chaos
 v - a +2 vorpal flail
 z - a +4 battleaxe of freezing
 A - a +1 mace of draining
 Y - the +8 whip "Snakebite" (weapon) {venom, curare, rPois}
   (You found it on level 1 of the Lair of Beasts)

   It poisons the flesh of those it strikes.
   It occasionally inflicts asphyxiating poison on those it strikes, dealing
   poison damage and causing slowness.
   rPois:     It protects you from poison.
 Z - a +1 demon whip of venom
Missiles
 a - 353 stones
 c - 51 poisoned darts
Armour
 b - a +0 robe
 p - the +1 leather armour of Tuimel {Rampage rF- Will++ Dex-2}
   (You found it on level 2 of the Dungeon)

   Dex:       It affects your dexterity (-2).
   rF:        It makes you vulnerable to fire.
   Rampage:   It bestows one free step when moving towards enemies.
   Will:      It greatly increases your willpower.
 y - the +4 chain mail of Yfauptu (worn) {Int+4}
   (You found it on level 5 of the Lair of Beasts)

   Int:       It affects your intelligence (+4).
 N - +1 acid dragon scales
 O - a +0 troll leather armour
 Q - a +0 plate armour
Jewellery
 f - an amulet of guardian spirit
 h - the amulet "Pigh" (around neck) {Rampage Regen+ rCorr}
   (You acquired it on level 3 of the Dungeon)

   [amulet of regeneration]

   Regen:     It increases your rate of health regeneration.
   rCorr:     It protects you from acid and corrosion.
   Rampage:   It bestows one free step when moving towards enemies.
 r - a +6 ring of dexterity
 s - an amulet of regeneration
 B - a ring of flight
 F - a +4 ring of protection (right hand)
 H - a +4 ring of protection
 S - a +6 ring of intelligence (left hand)
 V - a ring of resist corrosion
Wands
 e - a wand of iceblast (4)
 g - a wand of polymorph (3)
 i - a wand of acid (1)
 E - a wand of digging (10)
 R - a wand of flame (4) (quivered)
Scrolls
 d - 2 scrolls of magic mapping
 j - 3 scrolls of identify
 k - 3 scrolls of enchant armour
 n - 2 scrolls of vulnerability
 o - a scroll of enchant weapon
 x - a scroll of blinking
 D - a scroll of amnesia
 J - a scroll of immolation
 K - 2 scrolls of fog
 M - 5 scrolls of noise
 T - a scroll of holy word
Potions
 q - 5 potions of brilliance
 t - 2 potions of heal wounds
 u - 5 potions of curing
 w - a potion of ambrosia
 C - a potion of flight
 G - a potion of attraction
 L - a potion of berserk rage
 W - a potion of invisibility {unknown}


   Skills:
 + Level 11.9 Fighting
 - Level 8.0 Maces & Flails
 - Level 2.0 Throwing
 - Level 6.0 Armour
 - Level 7.0 Dodging
 - Level 6.0 Stealth
 - Level 7.0 Spellcasting
 - Level 7.0 Conjurations
 - Level 0.7 Transmutations
 - Level 12.0 Earth Magic
 - Level 7.0 Evocations


You had 15 spell levels left.
You knew the following spells:

 Your Spells              Type           Power      Damage    Failure   Level
a - Sandblast             Erth           100%       2d20      1%          1
b - Stone Arrow           Conj/Erth      100%       3d13      9%          3
c - Petrify               Tmut/Erth      51%        N/A       73%         4
d - Inner Flame           Hex/Fire       11%        N/A       99%         3

Your spell library contained the following spells:

 Spells                   Type           Power      Damage    Failure   Level
 Magic Dart               Conj           100%       1d8       9%          1
 Searing Ray              Conj           100%       2d8       13%         2
 Passwall                 Tmut/Erth      42%        N/A       17%         2
 Foxfire                  Conj/Fire      100%       2x1d9     34%         1
 Static Discharge         Conj/Air       33%        N/A       47%         2
 Conjure Flame            Conj/Fire      33%        6-21      71%         3
 Dazzling Flash           Conj/Hex       66%        N/A       71%         3
 Pain                     Necr           44%        1d6       83%         1
 Ensorcelled Hibernation  Hex/Ice        22%        N/A       92%         2
 Scorch                   Fire           22%        2d6       92%         2
 Spider Form              Tmut/Pois      13%        N/A       98%         3
 Flame Wave               Conj/Fire      33%        2d8       98%         4
 Fulminant Prism          Conj/Hex       16%        3d11      98%         4
 Iskenderun's Mystic Bla  Conj/Tloc      33%        2d8       98%         4
 Anguish                  Hex/Necr       5%         N/A       100%        4
 Agony                    Necr           11%        N/A       100%        5
 Excruciating Wounds      Necr           5%         N/A       100%        5
 Lightning Bolt           Conj/Air       16%        1d30      100%        5
 Starburst                Conj/Fire      16%        6d6       100%        6
 Summon Cactus Giant      Summ           5%         N/A       100%        6
 Maxwell's Capacitive Co  Air            5%         ∞         100%        8


Dungeon Overview and Level Annotations

Branches:
Dungeon (11/15)            Temple (0/1) D:4            Lair (6/6) D:9
  Swamp (0/4) Lair:3        Snake (0/4) Lair:2        Slime (0/5) Lair:6
    Orc (0/2) D:9         Volcano (1/1)

Altars:
Trog
Uskayaw
Wu Jian
Beogh

Shops:
D:6 ![


Innate Abilities, Weirdness & Mutations

You are immune to sickness and miasma.
Your stone body is resilient. (AC +9)
You are immune to poison.
You resist negative energy. (rN+)
You are resistant to electric shocks. (rElec)
You are resistant to unholy torment.
You are immune to petrification.
You are very frail. (-20% HP)


Message History

The salamander hits you but does no damage.
The salamander hits you but does no damage.
The salamander mystic hits you but does no damage.
The salamander hits you from afar with a +0 glaive.
You are engulfed in flames!
You hit the salamander mystic but do no damage.
The salamander mystic is poisoned.
The salamander mystic hits you with a +0 quarterstaff.
You are engulfed in flames!
You hit the salamander mystic.
The salamander mystic looks as sick as possible!
The salamander mystic is lightly wounded.
The salamander hits you from afar with a +0 glaive.
You are engulfed in flames!
The salamander mystic closely misses you.
Okay, then.
Okay, then.
The air is filled with shimmering golden clouds!
Sifu Gene Jian Bin says: The storm will not cease as long as you keep fighting, disciple!
The salamander mystic hits you with a +0 quarterstaff.
You are engulfed in flames!
* * * LOW HITPOINT WARNING * * *
You feel much better.
The salamander mystic barely misses you.
You hit the salamander mystic.
The salamander mystic is moderately wounded.
The salamander mystic hits you with a +0 quarterstaff.
You are engulfed in flames!
* * * LOW HITPOINT WARNING * * *
The air gets thick with the scent of sulphur.
There is a rocky tunnel leading out of this place here.
As you read the scroll of summoning, it crumbles to dust.
Wisps of shadow whirl around you...
You spin and attack the salamander mystic.
You hit the salamander mystic.
The salamander mystic looks as sick as possible!
The salamander mystic is moderately wounded.
The salamander mystic points at you and mumbles some strange words.
The bolt of magma hits you!!
You die...

####
##§≈##
##§§§≈#
§≈≈#
##§§☼§§#
§§§$
#.☼§§☼§##
≈..#
#.§E@k§§#
∩)$#
##§E§N☼§#
[.N#
###N§§##
$.!
#§####


NN# ##.### §.## #### ######N..# ##N###..###..##.N.## ##.#..§§§N..NN...##
#.#...§§≈.≈.≈.....# You could see a salamander mystic (extremely poisoned, ally
target), a salamander, a friendly lindwurm (summoned) and 2 friendly fire
elementals.

Vanquished Creatures
  3 hydras (Lair:3)
  2 two-headed ogres
  A catoblepas (Lair:3)
  Amaemon (Lair:2)
  An oklob plant (Lair:2)
  9 elephants (Lair:3)
  A manticore (D:9)
  Joseph (D:8)
  5 black mambas
  A gargoyle (D:11)
  7 cane toads
  A torpor snail (Lair:5)
  An orange demon (Lair:2)
  Maggie (D:10)
  A rime drake (Lair:4)
  6 komodo dragons
  6 trolls
  A polar bear (Lair:4)
  5 dream sheep (Lair:3)
  4 blink frogs (Lair:6)
  4 wraiths
  39 yaks
  2 wyverns
  Eustachio (D:4)
  2 basilisks
  2 steam dragons
  3 nagas (Lair:2)
  4 swamp worms (Lair:3)
  13 water moccasins
  2 acid dragons (D:9)
  2 hell hounds (Lair:5)
  3 sky beasts
  3 ice beasts
  15 orc warriors
  3 black bears
  2 ogres
  4 wolves (Lair:3)
  A centaur (D:8)
  3 phantoms
  4 kobold brigands
  A gnoll sergeant (D:8)
  A necrophage (D:6)
  13 bullfrogs
  6 scorpions
  6 wights
  A howler monkey (D:6)
  2 jellies
  6 gnoll shamans
  8 orc priests
  6 hounds
  13 orc wizards
  4 iguanas (D:6)
  7 hell rats (Lair:2)
  13 gnolls
  9 adders
  18 river rats (Lair:2)
  3 shadow imps
  2 worms
  2 dart slugs
  61 orcs
  4 ball pythons
  8 endoplasms
  4 giant cockroaches
  5 goblins
  5 hobgoblins
  4 jackals (D:5)
  15 kobolds
  11 quokkas
  6 bats
  2 frilled lizards
  14 rats
430 creatures vanquished.

Vanquished Creatures (others)
  27 fungi
  31 plants
58 creatures vanquished.

Grand Total: 488 creatures vanquished

Notes
Turn   | Place    | Note
-------+----------+-------------------------------------------
     0 | D:1      | enile the Gargoyle Earth Elementalist began the quest for
                  | the Orb.
     0 | D:1      | Reached XP level 1. HP: 10/10 MP: 3/3
   211 | D:1      | Reached skill level 1 in Fighting
   295 | D:1      | Reached XP level 2. HP: 16/17 MP: 0/5
   559 | D:1      | Found a faded altar of an unknown god.
   578 | D:1      | Prayed at the altar of an unknown god.
   578 | D:1      | Became a worshipper of the Wu Jian Council
   578 | D:1      | Reached * piety under Wu Jian
   590 | D:1      | Reached XP level 3. HP: 22/22 MP: 6/6
  1447 | D:2      | Identified the +1 leather armour of Tuimel {Rampage rF-
                  | Will++ Dex-2}
  1914 | D:3      | Noticed a scorpion
  1932 | D:3      | Identified a scroll of acquirement
  1932 | D:3      | Acquired the amulet "Pigh" {Rampage Regen+ rCorr}
  1947 | D:3      | Killed a scorpion
  1948 | D:3      | Reached XP level 4. HP: 25/29 MP: 6/8
  2265 | D:3      | Reached XP level 5. HP: 33/33 MP: 9/9
  2740 | D:4      | Noticed a phantom
  2787 | D:4      | Killed a phantom
  2788 | D:4      | Reached skill level 5 in Fighting
  2788 | D:4      | Reached skill level 4 in Earth Magic
  2987 | D:4      | Noticed a black bear
  3010 | D:4      | Found a staircase to the Ecumenical Temple.
  3013 | D:4      | Killed a black bear
  3014 | D:4      | Reached skill level 5 in Earth Magic
  3014 | D:4      | Reached XP level 6. HP: 38/40 MP: 10/10
  3026 | D:4      | Reached ** piety under Wu Jian
  3215 | D:4      | Noticed an orc warrior
  3226 | D:5      | Entered Level 5 of the Dungeon
  3245 | D:5      | Killed an orc warrior
  3261 | D:5      | HP: 1/40 [orc wizard/puff of flame (12)]
  3359 | D:4      | Noticed Eustachio
  3400 | D:4      | Killed Eustachio
  3401 | D:4      | Reached XP level 7. HP: 44/44 MP: 6/11
  3553 | D:5      | Reached skill level 6 in Earth Magic
  4076 | D:5      | Reached skill level 7 in Earth Magic
  4076 | D:5      | Reached skill level 1 in Maces & Flails
  4180 | D:5      | Reached XP level 8. HP: 49/49 MP: 12/12
  4839 | D:6      | Noticed a two-headed ogre
  4931 | D:6      | Found Olesk's Distillery.
  4939 | D:6      | Bought a potion of heal wounds for 55 gold pieces
  4939 | D:6      | Bought a potion of ambrosia for 88 gold pieces
  4939 | D:6      | Bought a potion of mutation for 88 gold pieces
  4939 | D:6      | Bought a potion of might for 44 gold pieces
  4967 | D:6      | Gained mutation: You are clumsy. (Dex -2) [potion of
                  | mutation]
  4967 | D:6      | Gained mutation: You expend magic power (3 MP) to
                  | strengthen your wands. [potion of mutation]
  5446 | D:6      | Reached skill level 5 in Dodging
  5544 | D:5      | Learned a level 3 spell: Stone Arrow
  5568 | D:6      | Reached XP level 9. HP: 50/57 MP: 1/13
  5672 | D:6      | Lost mutation: You expend magic power (3 MP) to strengthen
                  | your wands. [potion of mutation]
  5672 | D:6      | Lost mutation: You are clumsy. (Dex -2) [potion of
                  | mutation]
  5672 | D:6      | Gained mutation: You are frail. (-10% HP) [potion of
                  | mutation]
  5672 | D:6      | Gained mutation: You are very frail. (-20% HP) [potion of
                  | mutation]
  6113 | D:7      | Reached skill level 8 in Earth Magic
  6830 | D:8      | Reached *** piety under Wu Jian
  6831 | D:8      | Reached skill level 5 in Spellcasting
  6899 | D:8      | Noticed Joseph
  7040 | D:8      | Killed Joseph
  7041 | D:8      | Reached skill level 9 in Earth Magic
  7046 | D:8      | Learned a level 4 spell: Petrify
  7162 | D:8      | Reached XP level 10. HP: 40/50 MP: 8/17
  7631 | D:8      | Reached skill level 10 in Earth Magic
  8012 | D:7      | Noticed a two-headed ogre
  8403 | D:6      | Killed a two-headed ogre
  8652 | D:6      | Found a hide-covered altar of Uskayaw.
  9016 | D:6      | Found Ylolukhla's Antique Armour Emporium.
  9511 | D:7      | Reached **** piety under Wu Jian
  9841 | D:7      | Killed a two-headed ogre
  9882 | D:7      | Reached XP level 11. HP: 56/56 MP: 5/20
 10694 | D:9      | Noticed a manticore
 10740 | D:9      | You fall into a shaft and drop 2 floors!
 10745 | D:11     | Reached skill level 5 in Evocations
 10922 | D:10     | Entered Level 10 of the Dungeon
 11417 | D:10     | Noticed Maggie
 11434 | D:10     | Killed Maggie
 12076 | D:11     | Reached skill level 11 in Earth Magic
 12079 | D:11     | Noticed a cyclops
 12888 | D:8      | Reached skill level 5 in Maces & Flails
 13586 | D:9      | Reached skill level 5 in Conjurations
 13800 | D:9      | Reached ***** piety under Wu Jian
 13887 | D:9      | Reached skill level 5 in Armour
 13978 | D:9      | Found a staircase to the Lair.
 14141 | D:8      | Reached XP level 12. HP: 28/60 MP: 0/21
 14460 | D:9      | Found a staircase to the Orcish Mines.
 14952 | Lair:1   | Entered Level 1 of the Lair of Beasts
 15163 | Lair:1   | Reached skill level 12 in Earth Magic
 15758 | Lair:1   | Learned a level 3 spell: Inner Flame
 16097 | Lair:1   | Found the +8 whip "Snakebite" {venom, curare, rPois}
 16690 | Lair:2   | Reached skill level 10 in Fighting
 17011 | Lair:2   | Found a bloodstained altar of Trog.
 17020 | Lair:2   | Found a staircase to the Snake Pit.
 17230 | Lair:2   | Noticed Amaemon
 17860 | Lair:2   | Killed Amaemon
 18169 | Lair:3   | Reached ****** piety under Wu Jian
 18304 | Lair:3   | Noticed a catoblepas
 18328 | Lair:3   | Killed a catoblepas
 18567 | Lair:3   | Noticed a four-headed hydra
 18580 | Lair:3   | Killed a four-headed hydra
 18581 | Lair:3   | Reached XP level 13. HP: 37/67 MP: 5/22
 19264 | Lair:3   | Found a staircase to the Swamp.
 19610 | Lair:3   | Reached skill level 5 in Stealth
 20701 | Lair:4   | You fall into a shaft and drop 2 floors!
 20701 | Lair:6   | Entered Level 6 of the Lair of Beasts
 20737 | Lair:6   | HP: 2/67 [wyvern (13)]
 20795 | Lair:5   | Identified the +4 chain mail of Yfauptu {Int+4}
 21014 | Lair:5   | Found a dark tunnel.
 21041 | Volcano  | Entered a volcano
 21121 | Volcano  | Killed from afar by a salamander mystic

Illustrated notes

Levels and vault maps discovered:
D:1:      doesnt_arrival_eight_statues, layout_rooms,
          hellmonk_ecumenical_altar_lost_god
D:2:      layout_basic
D:3:      layout_loops_corners
D:4:      layout_basic, temple_statues, uniq_eustachio
D:5:      layout_layer_cave
D:6:      cheibrodos_barr_body, layout_gridville, nicolae_uskayaw_dance_studio,
          serial_shops, shop, nicolae_shop_temple_entry_statues_fountains
D:7:      minmay_spotlight, layout_cave_pools, kennysheep_generic_room_9
D:8:      minmay_clustersquares, layout_basic, hangedman_abyss_or_decor_clamps,
          serial_park_tiny_pond, uniq_joseph
D:9:      layout_roguey, grunt_lair_entry_orc_guard_hut, david_orc_5
D:10:     layout_irregular_city, minmay_misc_feat_x, uniq_maggie
D:11:     minmay_the_grid_square_5x5_3x3 [minmay_the_grid_square_5x5_forky,
          minmay_the_grid_square_5x5_minivault,
          minmay_the_grid_square_5x5_sharp_hourglass,
          minmay_the_grid_square_5x5_hollow_slash,
          minmay_the_grid_square_5x5_megaprize_hollow,
          minmay_the_grid_square_5x5_v, minmay_the_grid_square_5x5_minibox,
          minmay_the_grid_square_5x5_tie, minmay_the_grid_square_5x5_dogpile],
          layout_stronghold
Lair:1:   minmay_guarded_unrand_snakebite, layout_big_grid
Lair:2:   lemuel_ratsnest, layout_cave_shapes,
          minmay_snake_entry_guardpost_small, basic_altar, uniq_amaemon
Lair:3:   layout_layer_cave, palyth_hydra_swamp_entry
Lair:4:   layout_regular_city, grunt_megastairs_5
Lair:5:   layout_cave_pods, enter_volcano_3, chequers_serial_rivers_small_3
Lair:6:   grunt_lair_end_beastmaster, layout_misc_corridors,
          minmay_slime_entry_pillars, chequers_serial_rivers_large_a,
          grunt_megastairs_4, infiniplex_staircase_pool
Volcano:  volcano_pools

Skill      XL: |  1  2  3  4  5  6  7  8  9 10 11 12 13 |
---------------+----------------------------------------+-----
Fighting       | 1 2 3 4 5 7 9 11 | 11.9
Spellcasting   | 3 5 6 7 |  7.0
Earth Magic    | 5 7 9 10 11 12 | 12.0
Dodging        | 2 3 5 6 7 |  7.0
Armour         | 2 4 5 6 |  6.0
Maces & Flails | 2 3 6 7 8 |  8.0
Stealth        | 4 6 |  6.0
Evocations     | 4 6 7 |  7.0
Throwing       | 2 |  2.0
Conjurations   | 2 5 7 |  7.0
Transmutations | |  0.7

Action                   |  1- 3 |  4- 6 |  7- 9 | 10-12 | 13-15 || total
-------------------------+-------+-------+-------+-------+-------++-------
Melee: Dagger            |    65 |   110 |       |    13 |       ||   188
       Punch             |     2 |       |     6 |     7 |     3 ||    18
       Whip              |       |     3 |   257 |   181 |   180 ||   621
       Flail             |       |       |       |   341 |       ||   341
       Dire flail        |       |       |       |   195 |       ||   195
Throw: Dart              |       |       |    14 |    11 |       ||    25
 Cast: Sandblast         |    28 |    23 |    11 |    13 |     3 ||    78
       Stone Arrow       |       |       |    23 |   255 |    79 ||   357
       Petrify           |       |       |       |    20 |       ||    20
Invok: Whirlwind         |     7 |     1 |     9 |    21 |    22 ||    60
       Lunge             |     1 |       |       |       |       ||     1
       Heavenly Storm    |       |       |       |       |     2 ||     2
Evoke: Wand              |       |       |     2 |     5 |       ||     7
  Use: Scroll            |     5 |     5 |     4 |    12 |    11 ||    37
       Potion            |     1 |     1 |     5 |     3 |     2 ||    12
 Stab: Sleeping          |     2 |       |       |     5 |       ||     7
       Petrified         |       |       |       |    28 |       ||    28
       Distracted        |       |       |       |     2 |       ||     2
Armor: Robe              |    12 |       |       |       |       ||    12
       Leather armour    |     9 |    50 |    96 |   370 |    77 ||   602
       Skin              |       |       |     4 |    22 |       ||    26
       Chain mail        |       |       |       |       |    29 ||    29
Dodge: Dodged            |    50 |    63 |   136 |   509 |   127 ||   885

Table legend: (Time is in decaauts)
 A = Elapsed time spent in this place.
 B = Non-inter-level travel time spent in this place.
 C = Inter-level travel time spent in this place.
 D = Time resting spent in this place.
 E = Time spent auto-exploring this place.
 F = Levels seen in this place.
 G = Mean time per level.
                   A        B        C        D        E       F      G
               +--------+--------+--------+--------+--------+-----+--------+
         Total |  21187 |  19646 |   1541 |   1877 |  13595 |  18 | 1177.1 |
       Dungeon |  15144 |  13884 |   1260 |   1781 |   9051 |  11 | 1376.7 |
          Lair |   5964 |   5684 |    280 |     96 |   4501 |   6 |  994.0 |
       Volcano |     78 |     78 |      0 |      0 |     43 |   1 |   78.0 |
               +--------+--------+--------+--------+--------+-----+--------+

Top non-repeatable levels by time:
     D:8: 2770 daAuts
     D:5: 2111 daAuts
  Lair:3: 1993 daAuts
     D:6: 1827 daAuts
     D:9: 1702 daAuts
  Lair:2: 1569 daAuts
    D:10: 1456 daAuts
  Lair:1: 1370 daAuts
     D:7: 1083 daAuts
     D:2: 1048 daAuts
     D:3: 895 daAuts
     D:1: 814 daAuts
     D:4: 735 daAuts
    D:11: 700 daAuts
  Lair:4: 694 daAuts
